AoeStats
← AiM | CyclopsTron

Socotra

506576036Analyzed
4v4 RM · 18d ago on Sep 14, 2026· 30m 52s· 8 players
Game mode
Random Map
Map size
148×148
Population
200
Speed
Normal
Resources
Standard
Victory
Conquest
Starting age
Dark Age
Ending age
Imperial Age
RankedLock teamsTeams togetherTeam positionsShared explorationLock speedFull tech treeHidden civsTurbo modeCheats
Victory
Defeat
🇲🇽 Maya · Mexico
1744
+14
🇲🇽 Berbers · Mexico
1599
+20
🇨🇴 Franks · Colombia
1568
+21
🇲🇽 Magyars · Mexico
1553
+22
🇩🇴 Japanese · Dominican Republic
1791
-24
🇺🇸 Magyars · United States
1741
-21
🇺🇸 Malians · United States
1663
-18
🇻🇳 Goths · Vietnam
1558
-14
AiM | CyclopsTron
0:26 Loom
10:17 Feudal Age
12:51 Fletching
25:05 Castle Age
23:44 Gold Mining
25:17 Double-Bit Axe
25:09 Crossbowman
25:54 Bodkin Arrow
30:50 Ballistics
Argo_
6:32 Loom
9:01 Feudal Age
9:44 Double-Bit Axe
24:00 Castle Age
22:30 Scale Barding Armor
23:19 Bloodlines
23:27 Horse Collar
25:04 Chain Barding Armor
LeBotut
1:40 Loom
15:53 Feudal Age
16:37 Double-Bit Axe
20:03 Fletching
23:01 Castle Age
23:41 Bodkin Arrow
23:16 Crossbowman
28:27 Ballistics
28:14 Padded Archer Armor
31:40 Leather Archer Armor
VZ | Nescar
6:54 Loom
9:14 Feudal Age
10:26 Double-Bit Axe
22:39 Castle Age
22:08 Scale Barding Armor
21:57 Gold Mining
23:34 Wheelbarrow
23:17 Forging
25:30 Iron Casting
29:01 Chain Barding Armor
31:04 Husbandry
Freidle
5:51 Loom
8:32 Feudal Age
9:17 Double-Bit Axe
10:10 Horse Collar
15:22 Bloodlines
18:34 Scale Barding Armor
23:14 Wheelbarrow
27:01 Castle Age
26:04 Gold Mining
27:03 Light Cavalry
27:43 Husbandry
28:12 Chain Barding Armor
28:46 Heavy Plow
31:18 Bow Saw
busy pushing deer
12:33 Feudal Age
11:29 Loom
13:46 Double-Bit Axe
20:28 Castle Age
21:23 Bow Saw
ChangT
1:04 Loom
12:15 Feudal Age
12:18 Man-at-Arms
12:44 Double-Bit Axe
15:40 Fletching
17:14 Horse Collar
18:33 Town Watch
20:42 Wheelbarrow
24:50 Castle Age
22:56 Gold Mining
23:30 Scale Mail Armor
24:42 Forging
25:54 Bow Saw
25:45 Squires
25:06 Pikeman
26:27 Chain Mail Armor
RD | Kiko
1:39 Loom
13:33 Feudal Age
14:11 Double-Bit Axe
19:03 Horse Collar
19:24 Padded Archer Armor
19:17 Fletching
25:35 Castle Age
24:16 Gold Mining
24:27 Padded Archer Armor
26:23 Bodkin Arrow
25:48 Crossbowman
Connection lost

Rejoining the realm…

Still unreachable

The connection could not be restored.

Session expired

The server has moved on; the page needs a fresh start.